 Dungeon Crawl Stone Soup version 0.30-a0-322-g102857c98e (webtiles) character file.

Game seed: 13412477224466553910

35 billz999 the Skirmisher (level 3, -1/31 HPs)
             Began as a Gnoll Hunter on Oct 28, 2022.
             Killed from afar by Natasha (5 damage)
             ... with a magic dart
             ... on level 2 of the Dungeon.
             The game lasted 00:01:01 (744 turns).

billz999 the Skirmisher (Gnoll Hunter)               Turns: 744, Time: 00:01:01

Health: -1/31      AC:  5    Str: 10    XL:     3   Next: 33%
Magic:  4/4        EV: 12    Int:  8    God:
Gold:   34         SH:  0    Dex: 17    Spells: 3/3 levels left

rFire   . . .      SeeInvis .    a - +0 shortbow
rCold   . . .      Faith    .    (shield currently unavailable)
rNeg    . . .      Spirit   .    l - +0 ring mail
rPois   .          Reflect  .    (no helmet)
rElec   .          Harm     .    (no cloak)
rCorr   .          Rampage  .    (no gloves)
Will    .....                    (no boots)
Stlth   ++........               (no amulet)
HPRegen 0.25/turn                (no ring)
MPRegen 0.09/turn                (no ring)

@: flying
A: fangs 1, strong nose, distributed training
a: no special abilities


You were on level 2 of the Dungeon.
You visited 1 branch of the dungeon, and saw 2 of its levels.

You collected 34 gold pieces.

Inventory:

Hand Weapons
 a - a +0 shortbow (weapon)
Armour
 c - a +0 leather armour
 l - a +0 ring mail (worn)
Jewellery
 e - an amulet of regeneration
Scrolls
 b - a scroll of immolation
 d - a scroll of identify {unknown}
 f - a scroll of fear {unknown}
 g - 2 scrolls of teleportation {unknown}
 h - a scroll of poison {unknown}
 i - a scroll of summoning {unknown}
Potions
 j - a potion of heal wounds {unknown}
 k - a potion of flight


   Skills:
 + Level 4.5 Fighting
 + Level 0.8 Short Blades
 + Level 0.8 Long Blades
 + Level 0.8 Axes
 + Level 0.8 Maces & Flails
 + Level 0.8 Polearms
 + Level 0.8 Staves
 + Level 8.5 Ranged Weapons
 + Level 0.8 Throwing
 + Level 0.8 Armour
 + Level 4.5 Dodging
 + Level 2.4 Stealth
 + Level 0.8 Shields
 + Level 0.8 Unarmed Combat
 + Level 0.8 Spellcasting
 + Level 0.5 Conjurations
 + Level 0.5 Hexes
 + Level 0.5 Summonings
 + Level 0.5 Necromancy
 + Level 0.5 Translocations
 + Level 0.5 Transmutations
 + Level 0.5 Fire Magic
 + Level 0.5 Ice Magic
 + Level 0.5 Air Magic
 + Level 0.5 Earth Magic
 + Level 0.5 Poison Magic
 + Level 1.0 Invocations
 + Level 0.8 Evocations


You had 3 spell levels left.
You didn't know any spells.
Your spell library was empty.

Dungeon Overview and Level Annotations

Branches:
Dungeon (2/15)

Altars:

Annotations:
D:2 Natasha


Innate Abilities, Weirdness & Mutations

You have very sharp teeth.
Your uncanny sense of smell can sniff out nearby items.
Your experience applies equally to all skills.


Message History

You feel sick.
You feel sick.
You feel sick.
You are no longer poisoned.
Magic restored.
HP restored.
g - 2 scrolls labelled ANIKLUVVIWK (gained 1) Natasha, Servant of Life and Death comes into view.
Natasha is nearby!
You shoot an arrow.
The arrow hits Natasha but does no damage.
Natasha stares at you and mumbles some strange words.
The magic dart hits you!
Natasha is nearby!
You shoot an arrow. The arrow hits Natasha.
Natasha is lightly wounded.
You start resting.
Natasha is nearby!
You shoot an arrow. The arrow closely misses Natasha.
You shoot an arrow. The arrow hits Natasha.
Natasha is moderately wounded.
Natasha claws you but does no damage.
You shoot an arrow. The arrow closely misses Natasha.
Natasha barely misses you.
You shoot an arrow. The arrow closely misses Natasha.
Natasha closely misses you.
You shoot an arrow. The arrow hits Natasha.
Natasha is moderately wounded.
Natasha barely misses you.
You shoot an arrow. The arrow barely misses Natasha.
Natasha claws you!
You shoot an arrow. The arrow completely misses Natasha.
Natasha claws you! Natasha claws you.
* * * LOW HITPOINT WARNING * * *
Unknown command.
It was a potion of flight.
You feel very buoyant.
You fly up into the air.
Natasha stares at you and mumbles some strange words.
The magic dart hits you.
You die...

...#. ...##...>....#.#
..... ...##.....†..#.#
.....###............#..#
.......#................
.h.....#................
........................
.......#................
#h............#.## .
#@..............#
....#...#.##...##.###
#..................
#.#...............#
#.##................ #
#...............#
.................#
####..............
#..............


You could see Natasha.

Vanquished Creatures
  3 adders (D:2)
  3 bats (D:1)
  A frilled lizard (D:1)
  3 kobolds (D:1)
  A rat (D:1)
11 creatures vanquished.

Notes
Turn   | Place    | Note
-------+----------+-------------------------------------------
     0 | D:1      | billz999 the Gnoll Hunter began the quest for the Orb.
     0 | D:1      | Reached XP level 1. HP: 20/20 MP: 1/1
   400 | D:1      | Reached XP level 2. HP: 26/26 MP: 2/2
   642 | D:2      | Reached XP level 3. HP: 31/31 MP: 3/3
   652 | D:2      | Reached skill level 1 in Invocations
   732 | D:2      | Noticed Natasha
   744 | D:2      | Killed from afar by Natasha

Illustrated notes

Levels and vault maps discovered:
D:1:      nicolae_arrival_washed_ashore, layout_loops_ring, serial_bayou_pond_a,
          serial_bayou_lagoon_b
D:2:      layout_basic, basic_ecumenical_altar,
          wander_ebering_terrifying_dragon_lair, uniq_natasha

Skill      XL: |  1  2  3 |
---------------+----------+-----
Invocations    | 1 |  1.0
Fighting       | |  4.5
Short Blades   | |  0.8
Long Blades    | |  0.8
Axes           | |  0.8
Maces & Flails | |  0.8
Polearms       | |  0.8
Staves         | |  0.8
Ranged Weapons | |  8.5
Throwing       | |  0.8
Armour         | |  0.8
Dodging        | |  4.5
Stealth        | |  2.4
Shields        | |  0.8
Unarmed Combat | |  0.8
Spellcasting   | |  0.8
Conjurations   | |  0.5
Hexes          | |  0.5
Summonings     | |  0.5
Necromancy     | |  0.5
Translocations | |  0.5
Transmutations | |  0.5
Fire Magic     | |  0.5
Ice Magic      | |  0.5
Air Magic      | |  0.5
Earth Magic    | |  0.5
Poison Magic   | |  0.5
Evocations     | |  0.8

Action                   || total
-------------------------++-------
 Fire: Shortbow          ||    50
  Use: Potion            ||     1
Armor: Ring mail         ||     6
Dodge: Dodged            ||    18

Table legend: (Time is in decaauts)
 A = Elapsed time spent in this place.
 B = Non-inter-level travel time spent in this place.
 C = Inter-level travel time spent in this place.
 D = Time resting spent in this place.
 E = Time spent auto-exploring this place.
 F = Levels seen in this place.
 G = Mean time per level.
                   A        B        C        D        E       F      G
               +--------+--------+--------+--------+--------+-----+--------+
         Total |    781 |    711 |     70 |      2 |    609 |   2 |  390.5 |
       Dungeon |    781 |    711 |     70 |      2 |    609 |   2 |  390.5 |
               +--------+--------+--------+--------+--------+-----+--------+

Top non-repeatable levels by time:
     D:1: 655 daAuts
     D:2: 126 daAuts
